[ PARTIDA AOE2 · #494320558 ]
UnrankedTeutones vs Dravidians
Equipo del jugador · DERR
Equipo rival · VICT
[ ANÁLISIS DE REPETICIÓN · EXTRAÍDO DE LA PARTIDA GRABADA ]
Feudal
9:16
Castillos
21:56
Imperial
32:01
| APM promedio | 61.6 |
| APM pico | 103 |
| eAPM promedio | 30.8 |
| Aldeanos / militares | 96 / 11 |
Foco
⚔️ 51.8% · 🌾 48.2%
Scout Cavalry ×3 · Bombard Cannon ×3 · Trebuchet (Packed) ×3 · Monk ×2
Feudal
9:40
Castillos
13:17
Imperial
32:06
| APM promedio | 38.4 |
| APM pico | 82 |
| eAPM promedio | 23.1 |
| Aldeanos / militares | 134 / 29 |
Foco
⚔️ 37.4% · 🌾 62.6%
Elephant Archer ×19 · Monk ×5 · Trebuchet (Packed) ×4 · Mangonel ×1
Mapa de la partida
Recursos iniciales + cada clic de construcción. Líneas = muros · curvas = relieve. ◆ oro · ⬟ piedra · ● bayas · ✦ reliquia · ◌ hueco del cierre
Tu base· ✓ Cerrada en 21:56 · 7t muro · 3 puerta(s)
Base de [Nors] °Andy°· ✓ Cerrada en 13:17 · 28t muro · 2 puerta(s)
Terreno inicial suavizado · ◌ = hueco del cierre detectado · pasá el cursor para detalles
Inputs por minuto
— Brauer - - [Nors] °Andy°
Build order — Brauer
Primeras 150 de 224 acciones detectadas
| 0:00 | Encolar | Villager (Male) |
| 0:01 | Encolar | Villager (Male) |
| 0:02 | Construir | House |
| 0:03 | Construir | House |
| 0:17 | Encolar | Villager (Male) |
| 0:37 | Encolar | Villager (Male) |
| 1:25 | Encolar | Villager (Male) |
| 1:46 | Construir | Lumber Camp |
| 1:58 | Encolar | Villager (Male) |
| 2:20 | Encolar | Villager (Male) |
| 2:50 | Encolar | Villager (Male) |
| 2:54 | Encolar | Villager (Male) |
| 3:33 | Encolar | Villager (Male) |
| 3:49 | Construir | House |
| 3:54 | Construir | Mill |
| 4:08 | Encolar | Villager (Male) |
| 4:09 | Encolar | Villager (Male) |
| 4:56 | Encolar | Villager (Male) |
| 5:02 | Encolar | Villager (Male) |
| 5:05 | Encolar | Villager (Male) |
| 5:12 | Encolar | Villager (Male) |
| 5:20 | Encolar | Villager (Male) |
| 5:43 | Encolar | Villager (Male) |
| 6:14 | Investigar | Loom |
| 6:44 | Construir | Mining Camp |
| 6:49 | Investigar | Feudal Age |
| 7:39 | Construir | House |
| 8:20 | Encolar | Villager (Male) |
| 9:16 | Edad | Edad Feudal |
| 9:20 | Investigar | Double-Bit Axe |
| 9:21 | Investigar | Horse Collar |
| 9:41 | Construir | Watch Tower |
| 9:42 | Encolar | Villager (Male) |
| 9:53 | Construir | Watch Tower |
| 9:56 | Encolar | Villager (Male) |
| 10:09 | Encolar | Villager (Male) |
| 10:13 | Construir | House |
| 10:24 | Encolar | Villager (Male) |
| 10:33 | Encolar | Villager (Male) |
| 10:57 | Encolar | Villager (Male) |
| 11:10 | Construir | Blacksmith |
| 11:34 | Encolar | Villager (Male) |
| 11:52 | Construir | Watch Tower |
| 12:00 | Investigar | Fletching |
| 12:21 | Encolar | Villager (Male) |
| 12:40 | Encolar | Villager (Male) |
| 12:55 | Encolar | Villager (Male) |
| 13:01 | Construir | Farm |
| 13:02 | Construir | Farm |
| 13:03 | Construir | Farm |
| 13:12 | Encolar | Villager (Male) |
| 13:16 | Construir | Farm |
| 13:19 | Construir | Farm |
| 13:20 | Construir | Farm |
| 13:26 | Encolar | Villager (Male) |
| 13:31 | Construir | House |
| 13:38 | Construir | Farm |
| 13:43 | Investigar | Town Watch |
| 13:49 | Encolar | Villager (Male) |
| 13:51 | Construir | Farm |
| 14:08 | Encolar | Villager (Male) |
| 14:14 | Construir | Farm |
| 14:36 | Encolar | Villager (Male) |
| 14:38 | Construir | Farm |
| 15:19 | Encolar | Villager (Male) |
| 15:40 | Construir | Mining Camp |
| 16:15 | Encolar | Villager (Male) |
| 16:21 | Encolar | Villager (Male) |
| 16:27 | Encolar | Villager (Male) |
| 16:51 | Encolar | Villager (Male) |
| 17:03 | Encolar | Villager (Male) |
| 17:17 | Construir | House |
| 17:20 | Construir | Farm |
| 17:23 | Construir | Farm |
| 17:24 | Construir | Farm |
| 17:27 | Construir | House |
| 17:48 | Encolar | Villager (Male) |
| 17:51 | Construir | Farm |
| 17:52 | Construir | Farm |
| 18:01 | Encolar | Villager (Male) |
| 18:08 | Construir | Market |
| 18:34 | Construir | Farm |
| 19:14 | Investigar | Castle Age |
| 19:52 | Construir | Palisade Wall |
| 19:53 | Construir | Palisade Wall |
| 19:54 | Construir | Palisade Wall |
| 19:54 | Construir | Palisade Wall |
| 19:55 | Construir | Palisade Wall |
| 19:55 | Construir | Palisade Wall |
| 19:56 | Construir | Palisade Wall |
| 20:00 | Encolar | Villager (Male) |
| 20:09 | Construir | House |
| 20:09 | Construir | House |
| 20:11 | Construir | Mill |
| 21:00 | Construir | Barracks |
| 21:56 | Edad | Edad de los Castillos |
| 21:58 | Construir | Stable |
| 22:19 | Encolar | Villager (Male) |
| 22:22 | Encolar | Villager (Male) |
| 22:25 | Investigar | Bow Saw |
| 22:44 | Construir | Monastery |
| 22:58 | Encolar | Villager (Male) |
| 23:04 | Encolar | Villager (Male) |
| 23:08 | Encolar | Scout Cavalry |
| 23:12 | Encolar | Villager (Male) |
| 23:18 | Encolar | Monk |
| 23:20 | Construir | Farm |
| 23:29 | Encolar | Scout Cavalry |
| 23:30 | Encolar | Villager (Male) |
| 23:50 | Encolar | Villager (Male) |
| 24:15 | Encolar | Villager (Male) |
| 24:25 | Encolar | Scout Cavalry |
| 24:29 | Construir | Town Center |
| 24:40 | Encolar | Monk |
| 24:47 | Encolar | Villager (Male) |
| 24:49 | Investigar | Gold Mining |
| 25:00 | Encolar | Villager (Male) |
| 25:42 | Encolar | Villager (Male) |
| 25:44 | Encolar | Villager (Male) |
| 25:45 | Construir | Farm |
| 25:46 | Construir | Farm |
| 25:49 | Construir | Town Center |
| 26:09 | Encolar | Villager (Male) |
| 26:10 | Construir | Farm |
| 26:11 | Construir | Farm |
| 26:11 | Construir | Farm |
| 26:12 | Investigar | Heavy Plow |
| 26:32 | Encolar | Villager (Male) |
| 26:34 | Construir | House |
| 26:37 | Construir | House |
| 26:38 | Construir | House |
| 26:53 | Investigar | Wheelbarrow |
| 26:54 | Encolar | Villager (Male) |
| 26:57 | Encolar | Villager (Male) |
| 27:00 | Encolar | Villager (Male) |
| 27:05 | Construir | Mining Camp |
| 27:09 | Encolar | Villager (Male) |
| 27:14 | Construir | Castle |
| 27:17 | Encolar | Villager (Male) |
| 27:20 | Encolar | Villager (Male) |
| 27:34 | Encolar | Villager (Male) |
| 27:45 | Encolar | Villager (Male) |
| 27:45 | Encolar | Villager (Male) |
| 27:47 | Construir | House |
| 27:48 | Construir | House |
| 27:49 | Construir | House |
| 27:50 | Construir | House |
| 28:21 | Construir | University |
| 28:25 | Encolar | Villager (Male) |
| 28:47 | Construir | Mining Camp |
Build order — [Nors] °Andy°
Primeras 150 de 292 acciones detectadas
| 0:00 | Encolar | Villager (Male) ×4 |
| 0:02 | Construir | House |
| 0:02 | Construir | House |
| 1:27 | Encolar | Villager (Male) |
| 1:47 | Encolar | Villager (Male) |
| 2:08 | Construir | Lumber Camp |
| 2:20 | Encolar | Villager (Male) |
| 2:31 | Encolar | Villager (Male) |
| 2:51 | Encolar | Villager (Male) |
| 3:24 | Encolar | Villager (Male) |
| 3:24 | Encolar | Villager (Male) |
| 3:38 | Encolar | Villager (Male) |
| 3:38 | Encolar | Villager (Male) |
| 3:50 | Construir | House |
| 3:52 | Construir | House |
| 4:18 | Encolar | Villager (Male) |
| 4:39 | Construir | Mill |
| 4:51 | Encolar | Villager (Male) |
| 4:51 | Encolar | Villager (Male) |
| 5:07 | Construir | House |
| 5:48 | Encolar | Villager (Male) |
| 5:52 | Encolar | Villager (Male) |
| 6:10 | Encolar | Villager (Male) |
| 6:25 | Construir | Mining Camp |
| 6:53 | Encolar | Villager (Male) |
| 7:29 | Investigar | Feudal Age |
| 7:32 | Construir | Farm |
| 8:08 | Encolar | Villager (Male) |
| 8:08 | Investigar | Loom |
| 8:18 | Construir | Farm |
| 9:40 | Edad | Edad Feudal |
| 9:42 | Construir | Market |
| 9:43 | Construir | Blacksmith |
| 10:37 | Investigar | Castle Age |
| 10:47 | Construir | Stone Wall |
| 11:01 | Construir | Stone Wall |
| 11:59 | Construir | Stone Wall |
| 12:49 | Encolar | Villager (Male) |
| 13:00 | Investigar | Double-Bit Axe |
| 13:17 | Edad | Edad de los Castillos |
| 13:18 | Construir | Monastery |
| 13:21 | Construir | Siege Workshop |
| 13:26 | Investigar | Bow Saw |
| 13:37 | Encolar | Villager (Male) |
| 13:50 | Encolar | Mangonel |
| 14:13 | Encolar | Monk |
| 14:17 | Encolar | Villager (Male) |
| 14:17 | Encolar | Villager (Male) |
| 14:18 | Encolar | Villager (Male) |
| 14:18 | Encolar | Villager (Male) |
| 14:54 | Encolar | Villager (Male) |
| 14:54 | Encolar | Villager (Male) |
| 15:18 | Encolar | Villager (Male) |
| 15:22 | Construir | House |
| 15:30 | Encolar | Villager (Male) |
| 15:38 | Encolar | Villager (Male) |
| 15:58 | Encolar | Villager (Male) |
| 16:12 | Construir | Farm |
| 16:39 | Construir | Lumber Camp |
| 16:55 | Construir | House |
| 17:20 | Encolar | Villager (Male) |
| 17:27 | Encolar | Villager (Male) |
| 17:27 | Encolar | Villager (Male) |
| 17:27 | Encolar | Villager (Male) |
| 17:44 | Construir | Farm |
| 17:45 | Construir | Farm |
| 17:46 | Construir | Farm |
| 17:47 | Encolar | Villager (Male) |
| 17:59 | Encolar | Monk |
| 18:33 | Construir | House |
| 18:34 | Construir | House |
| 18:53 | Construir | Farm |
| 19:06 | Construir | Farm |
| 19:09 | Construir | Farm |
| 19:11 | Construir | Lumber Camp |
| 19:30 | Construir | Farm |
| 19:31 | Construir | Farm |
| 19:32 | Construir | Farm |
| 19:41 | Construir | Farm |
| 19:48 | Construir | Mining Camp |
| 19:57 | Encolar | Monk |
| 19:58 | Construir | House |
| 19:59 | Construir | House |
| 20:22 | Encolar | Villager (Male) |
| 20:23 | Encolar | Villager (Male) |
| 20:34 | Encolar | Monk |
| 20:37 | Construir | Farm |
| 21:06 | Encolar | Villager (Male) |
| 21:25 | Construir | Town Center |
| 21:27 | Encolar | Villager (Male) |
| 21:28 | Encolar | Villager (Male) |
| 21:28 | Encolar | Villager (Male) |
| 21:32 | Encolar | Villager (Male) |
| 21:41 | Construir | Town Center |
| 22:06 | Encolar | Villager (Male) |
| 22:07 | Encolar | Villager (Male) |
| 22:07 | Encolar | Villager (Male) |
| 22:07 | Encolar | Villager (Male) |
| 22:25 | Encolar | Villager (Male) |
| 22:30 | Encolar | Villager (Male) |
| 22:33 | Construir | House |
| 22:33 | Construir | House |
| 22:34 | Construir | House |
| 22:42 | Construir | Stone Wall |
| 22:50 | Construir | Farm |
| 22:50 | Construir | Farm |
| 22:50 | Construir | Farm |
| 22:50 | Construir | Farm |
| 22:51 | Construir | Farm |
| 22:58 | Investigar | Horse Collar |
| 22:58 | Encolar | Villager (Male) |
| 22:58 | Encolar | Villager (Male) |
| 23:00 | Construir | Farm |
| 23:01 | Encolar | Villager (Male) |
| 23:01 | Encolar | Villager (Male) |
| 23:03 | Construir | Farm |
| 23:03 | Construir | Farm |
| 23:04 | Encolar | Villager (Male) |
| 23:04 | Encolar | Villager (Male) |
| 23:19 | Encolar | Villager (Male) |
| 23:24 | Construir | Farm |
| 23:30 | Encolar | Villager (Male) |
| 23:38 | Construir | Farm |
| 23:38 | Encolar | Villager (Male) |
| 23:52 | Construir | Farm |
| 23:53 | Encolar | Villager (Male) |
| 24:01 | Investigar | Bow Saw |
| 24:01 | Encolar | Villager (Male) |
| 24:02 | Encolar | Villager (Male) |
| 24:18 | Encolar | Villager (Male) |
| 24:18 | Encolar | Villager (Male) |
| 24:18 | Encolar | Villager (Male) |
| 24:22 | Encolar | Villager (Male) |
| 24:24 | Construir | Farm |
| 24:25 | Construir | Farm |
| 24:32 | Encolar | Villager (Male) |
| 24:53 | Encolar | Villager (Male) |
| 25:02 | Encolar | Villager (Male) |
| 25:03 | Encolar | Villager (Male) |
| 25:03 | Encolar | Villager (Male) |
| 25:03 | Encolar | Villager (Male) |
| 25:04 | Construir | Farm |
| 25:05 | Construir | Farm |
| 25:06 | Construir | Farm |
| 25:10 | Encolar | Monk |
| 25:33 | Encolar | Villager (Male) |
| 25:34 | Encolar | Villager (Male) |
| 25:40 | Encolar | Villager (Male) |
| 25:41 | Encolar | Villager (Male) |
| 25:41 | Encolar | Villager (Male) |
Cronología de la partida
| 9:16 | Brauer · age_up feudal |
| 9:40 | [Nors] °Andy° · age_up feudal |
| 10:47 | [Nors] °Andy° · wall_segment Stone Wall x10 |
| 11:01 | [Nors] °Andy° · wall_segment Stone Wall x8 |
| 11:59 | [Nors] °Andy° · wall_segment Stone Wall x10 |
| 13:17 | [Nors] °Andy° · age_up castle |
| 13:18 | [Nors] °Andy° · first_building Monastery |
| 13:21 | [Nors] °Andy° · first_building Siege Workshop |
| 14:01 | [Nors] °Andy° · first_market_sell 100 food |
| 19:14 | Brauer · first_market_sell 100 food |
| 19:52 | Brauer · wall_segment Palisade Wall x1 |
| 19:53 | Brauer · wall_segment Palisade Wall x1 |
| 19:54 | Brauer · wall_segment Palisade Wall x1 |
| 19:54 | Brauer · wall_segment Palisade Wall x1 |
| 19:55 | Brauer · wall_segment Palisade Wall x1 |
| 19:55 | Brauer · wall_segment Palisade Wall x1 |
| 19:56 | Brauer · wall_segment Palisade Wall x1 |
| 20:58 | Brauer · first_market_buy 100 wood |
| 21:00 | Brauer · first_building Barracks |
| 21:40 | [Nors] °Andy° · first_market_buy 100 stone |
| 21:56 | Brauer · age_up castle |
| 21:58 | Brauer · first_building Stable |
| 22:42 | [Nors] °Andy° · wall_segment Stone Wall x2 |
| 22:44 | Brauer · first_building Monastery |
| 27:14 | Brauer · first_building Castle |
| 27:41 | [Nors] °Andy° · first_building Castle |
| 27:46 | [Nors] °Andy° · first_building Barracks |
| 28:59 | [Nors] °Andy° · first_building Archery Range |
| 30:06 | Brauer · first_building Siege Workshop |
| 30:52 | [Nors] °Andy° · first_building Stable |
| 32:01 | Brauer · age_up imperial |
| 32:06 | [Nors] °Andy° · age_up imperial |
| 34:48 | Brauer · resign |
[ ANÁLISIS IA · 1 CRÉDITO ]
¿Qué pasó realmente en esta partida?
Wolo.gg analiza cada decisión: build order, eco, micro, errores típicos por bracket. Análisis personalizado por WhatsApp o Discord en 30 segundos.
Guía civ
Teutones
Perfil
Brauer